 Dungeon Crawl Stone Soup version 0.22.1-1-ga44c0e56f4 (webtiles) character file.

56 Jynx the Changer (level 3, 0/23 HPs)
             Began as an Octopode Transmuter on Nov 1, 2018.
             Succumbed to a goblin's poison
             ... on level 2 of the Dungeon.
             The game lasted 00:03:35 (2084 turns).

Jynx the Changer (Octopode Transmuter)              Turns: 2084, Time: 00:03:36

Health: 0/23       AC:  1    Str:  9    XL:     3   Next: 97%
Magic:  7/7        EV: 13    Int: 15    God:
Gold:   125        SH:  0    Dex: 13    Spells: 6/7 levels left

rFire    . . .     SeeInvis .     - Unarmed
rCold    . . .     Gourm    .   (no shield)
rNeg     . . .     Faith    .   (helmet restricted)
rPois    .         Spirit   .   (no amulet)
rElec    .         Reflect  .   (no ring)
rCorr    .         Harm     .   (no ring)
MR       .....                  (no ring)
Stlth    ++........             (no ring)
HPRegen  0.07/turn              (no ring)
MPRegen  0.10/turn              (no ring)
                                (no ring)
                                (no ring)

@: lethally poisoned (0 -> -14)
A: almost no armour, stealthy swim, amphibious, 8 rings, constrict 8, camouflage
1, gelatinous body 1
a: no special abilities


You were on level 2 of the Dungeon.
You were not hungry.

You visited 1 branch of the dungeon, and saw 2 of its levels.

You collected 125 gold pieces.

Inventory:

Missiles
 a - 12 arrows
Scrolls
 d - a scroll of magic mapping
 f - a scroll of noise {unknown}
 g - a scroll of remove curse
 h - a scroll of immolation {unknown}
 j - a scroll of random uselessness {unknown}
 k - 2 scrolls of amnesia
Potions
 e - a potion of magic {unknown}
 i - 3 potions of lignification {unknown}
Comestibles
 b - 10 chunks of flesh
 c - 4 rations


   Skills:
 - Level 1.0 Fighting
 - Level 2.0 Dodging
 - Level 3.0 Unarmed Combat
 + Level 2.7 Spellcasting
 * Level 3.5 Transmutations


You had 6 spell levels left.
You knew the following spells:

 Your Spells              Type           Power        Failure   Level  Hunger
a - Beastly Appendage     Tmut           ##....       4%          1    #......

Your spell library contained the following spells:

 Spells                   Type           Power        Failure   Level  Hunger
 Sticks to Snakes         Tmut           ##......     7%          2    ##.....
 Spider Form              Tmut/Pois      #.........   30%         3    ###....
 Ice Form                 Ice/Tmut       #.......     69%         4    #####..
 Blade Hands              Tmut           ##........   78%         5    ######.


Dungeon Overview and Level Annotations

Branches:
Dungeon (2/15)

Altars:

Annotations:
D:2 Robin


Innate Abilities, Weirdness & Mutations

You cannot wear most types of armour.
You are very stealthy in the water. (Stealth+)
You are amphibious.
You can wear up to eight rings at the same time.
You can use your tentacles to constrict eight enemies at once.
Your skin changes colour to match your surroundings (Stealth+).
Your rubbery body absorbs attacks. (AC +1, EV +1)


Message History

The goblin moves out of view.
The goblin barely misses you.
The goblin no longer looks unusually strong.
The goblin shouts!
Robin roars a battlecry!
The goblins go into a battle-frenzy!
You see here a robe.
Robin says, "My goblins will feast on your bones."
Robin throws the goblin at you!
The goblin hits you with a dagger of venom!
* * * LOW HITPOINT WARNING * * *
You are lethally poisoned!
The goblin hits you with a dagger.
* * * LOW HITPOINT WARNING * * *
Okay, then.
Unknown command.
* * * LOW HITPOINT WARNING * * *
You feel sick. Robin throws the goblin at you!
* * * LOW HITPOINT WARNING * * *
You die...

#.....#######.....# #
###...............#
#..#............##
#................#
#................#
#####.)..............#
.....................####
##.##..##..#..##.##)....##+##
#.........#...รท@##.........#####
##.....###.#.###.##...[.........#
..............ggggg..........>..#
###....###.g##.#.##.............#
#....# ##[##.#.##.............#
###....# #.##.#.##....<##......#
.......####g.#...#########......#
......#<..g#g###.# #......#
....g.####.#.g##.# #)......


You could see 3 goblins.

Vanquished Creatures
  An ooze (D:1)
  A leopard gecko (D:2)
  6 bats
  3 giant cockroaches
  8 goblins
  8 hobgoblins
  2 jackals (D:1)
  A ball python (D:2)
  4 frilled lizards
  7 kobolds (D:2)
  4 rats
45 creatures vanquished.

Notes
Turn   | Place    | Note
-------+----------+-------------------------------------------
     0 | D:1      | Jynx the Octopode Transmuter began the quest for the Orb.
     0 | D:1      | Reached XP level 1. HP: 13/13 MP: 3/3
   465 | D:1      | Reached XP level 2. HP: 3/18 MP: 3/5
  1366 | D:1      | Reached XP level 3. HP: 18/23 MP: 4/6
  1964 | D:2      | Noticed Robin
  2083 | D:2      | HP: 1/23 [Robin/goblin (3)]
  2084 | D:2      | Succumbed to a goblin's poison

Skill      XL: |  1  2 |
---------------+-------+-----
Transmutations | 3 |  3.5
Fighting       | |  1.0
Dodging        | |  2.0
Unarmed Combat | |  3.0
Spellcasting   | |  2.7

Action                   || total
-------------------------++-------
Melee: Unarmed           ||    92
       Constrict         ||    28
       Kick              ||    18
       Tentacles         ||    12
 Cast: Beastly Appendage ||    15
  Use: Scroll            ||     4
 Stab: Sleeping          ||     5
  Eat: Chunk             ||     4
Armor: Skin              ||     4
Dodge: Dodged            ||    51
